Map: Ulrena

Players

Schmidtshyyy

  • Race: Zerg Zerg
  • League: Gold

Worming - Winner!

  • Race: Zerg Zerg
  • League: Platinum

VOD

Have the link to the VOD?

Description

Time

  • Played on: Nov. 11, 2015, 9:02 a.m.
  • Length: 5:50
Show
View Real Time Build Order
Export as new Build Order

Schmidtshyyy Zerg 

Build Orders: Hatch First 

Get SALT Encoding   

  12  0:02  Drone  
  13  0:14  Overlord  
  13  0:17  Drone  
  14  0:32  Drone x2  
  16  0:36  Drone  
  17  0:53  Hatchery  
  17  0:55  Drone  
  17  0:58  Drone  
  18  1:13  Spawning Pool  
  18  1:16  Extractor  
  18  1:17  Drone  
  17  1:20  Drone  
  18  1:30  Drone  
  19  1:40  Overlord  
  19  1:59  Queen  
  19  2:00  Zergling x2  
  22  2:02  Zergling x2  
  22  2:06  Queen  
  22  2:08  Zergling x2  
  26  2:14  Drone, Spine Crawler  
  26  2:35  Zergling x4  
  26  2:36  Zergling x2, Extractor  
  26  2:39  Queen  
  28  2:49  Spine Crawler  
  28  2:50  Drone x3  
  31  2:54  Drone  
  32  2:59  Drone  
  32  3:02  Lair  
  33  3:09  Spine Crawler  
  33  3:10  Drone  
  33  3:14  Drone  
  34  3:31  Zergling x2  
  34  3:32  Zergling x2  
  33  3:47  Queen  
  29  4:01  Zergling x10  
  31  4:05  Drone x2  
  31  4:09  Extractor x2  
  30  4:11  Drone  
  31  4:22  Queen  
  32  4:27  Queen  
  32  4:28  Drone  
  35  4:43  Spire  
  34  4:46  Drone  
  35  5:47  Spine Crawler  
Show
View Real Time Build Order
Export as new Build Order

Worming Zerg - Winner!

Build Orders: Pool First 

Get SALT Encoding   

  12  0:01  Drone  
  13  0:12  Overlord  
  13  0:17  Drone  
  14  0:31  Drone x2  
  14  0:35  Drone  
  17  0:45  Drone, Extractor  
  17  0:51  Spawning Pool  
  17  0:56  Drone  
  17  1:08  Drone  
  18  1:25  Hatchery  
  17  1:38  Queen  
  17  1:39  Zergling x2  
  20  1:44  Zergling x2  
  20  1:45  Zergling x2  
  22  1:51  Metabolic Boost  
  22  1:59  Overlord  
  22  2:17  Queen  
  24  2:23  Drone x3  
  25  2:34  Zergling x2  
  26  2:42  Zergling x2  
  27  2:49  Extractor  
  26  2:51  Zergling x2  
  26  2:52  Zergling x8  
  31  2:59  Roach Warren  
  29  3:16  Drone x4  
  31  3:47  Zergling x8  
  31  3:48  Roach  
  35  4:01  Roach  
  36  4:02  Overlord  
  36  4:12  Overlord  
  33  4:28  Zergling x2  
  33  4:29  Zergling x6  
  34  4:39  Zergling x2  
  34  4:45  Roach  
  37  4:46  Roach x6  
  37  4:49  Ravager x2  
Tags
 
Matchup
ZvZ
Race
Zerg
Replay Pack
replay pack
Add a new tag
Caveats
  • Supply blocks, unpowered buildings, or Contaminate may cause inaccurate times.
  • Supply counts are checked every 10 seconds.